2585 views
Uploaded 2021-10-19 14:08:44
Game version 1.32.10
37:15 long 3on3 ladder game on (6)TimbermawHold
Saved by xzz
2585 views
Uploaded 2021-10-19 14:08:44
Game version 1.32.10
37:15 long 3on3 ladder game on (6)TimbermawHold


79 units @ 12.5k
/ 1.8k
97 buildings @ 12.1k
/ 6.3k


| Potion of Healing | 2 | 300 |
| Orb of Fire | 1 | 325 |
| Scroll of Regeneration | 1 | 100 |
| Scroll of Town Portal | 1 | 350 |
| total: | 5 | 1075g |
| Peasant | 8 | 600 | / | 0 |
| Gryphon Rider | 7 | 1960 | / | 490 |
| total: | 15 | 2560g | / | 490w |
| Scout Tower | 3 | 90 | / | 60 |
| Guard Tower | 1 | 70 | / | 50 |
| Arcane Tower | 1 | 70 | / | 50 |
| Altar of Kings | 1 | 180 | / | 50 |
| Farm | 10 | 800 | / | 200 |
| Lumber Mill | 2 | 240 | / | 0 |
| Blacksmith | 1 | 140 | / | 60 |
| Arcane Vault | 1 | 130 | / | 30 |
| Gryphon Aviary | 3 | 420 | / | 450 |
| Keep | 1 | 320 | / | 210 |
| Castle | 1 | 360 | / | 210 |
| total: | 21 | 2000g | / | 850w |
| 0:02 | Peasant |
| 0:02 | Peasant |
| 0:05 | Altar of Kings |
| 0:08 | Farm |
| 0:10 | Peasant |
| 0:38 | Peasant |
| 0:51 | Lumber Mill |
| 0:55 | Lumber Mill |
| 0:58 | Peasant |
| 0:58 | Peasant |
| 1:16 | Peasant |
| 1:20 | Peasant |
| 2:10 | Keep |
| 2:15 | Storm Bolt |
| 2:36 | Blacksmith |
| 3:00 | Scout Tower |
| 3:01 | Farm |
| 3:03 | Arcane Vault |
| 3:19 | Farm |
| 3:20 | Farm |
| 3:21 | Farm |
| 3:30 | Guard Tower |
| 3:42 | Scout Tower |
| 3:45 | Farm |
| 3:46 | Farm |
| 3:47 | Farm |
| 4:19 | Arcane Tower |
| 4:21 | Improved Masonry |
| 4:33 | Iron Forged Swords |
| 4:35 | Castle |
| 5:01 | Gryphon Aviary |
| 5:11 | Bash |
| 5:30 | Improved Lumber Harvesting |
| 5:46 | Gryphon Aviary |
| 7:03 | Gryphon Aviary |
| 7:30 | Gryphon Rider |
| 7:48 | Holy Light |
| 8:41 | Gryphon Rider |
| 8:44 | Potion of Healing |
| 8:44 | Orb of Fire |
| 9:03 | Scroll of Regeneration |
| 9:23 | Studded Leather Armor |
| 9:41 | Gryphon Rider |
| 10:07 | Storm Hammers |
| 10:58 | Gryphon Rider |
| 11:12 | Storm Bolt |
| 11:14 | Devotion Aura |
| 11:28 | Reinforced Leather Armor |
| 11:50 | Gryphon Rider |
| 12:19 | Farm |
| 12:46 | Steel Forged Swords |
| 13:22 | Devotion Aura |
| 13:51 | Gryphon Rider |
| 14:00 | Potion of Healing |
| 14:03 | Bash |
| 14:23 | Divine Shield |
| 14:38 | Scout Tower |
| 14:51 | Scroll of Town Portal |
| 14:59 | Farm |
| 15:11 | Dragonhide Armor |
| 16:29 | Storm Bolt |
| 17:08 | Devotion Aura |
| 17:21 | Gryphon Rider |
| Select group | 715 |
| Right click | 452 |
| Misc. action | 132 |
| Select | 110 |
| Chat | 68 |
| Build/train/purchase | 50 |
| Use ability | 31 |
| Assign group | 13 |
| Minimap ping | 4 |

| Potion of Mana | 6 | 1200 |
| Potion of Healing | 5 | 750 |
| Lesser Clarity Potion | 5 | 350 |
| Healing Salve | 3 | 300 |
| Scroll of Speed | 2 | 100 |
| Scroll of Town Portal | 2 | 700 |
| Orb of Fire | 1 | 325 |
| total: | 24 | 3725g |
| Peon | 24 | 1800 | / | 0 |
| Wind Rider | 7 | 1855 | / | 280 |
| Demolisher | 1 | 220 | / | 50 |
| Green Dragon | 3 | 2235 | / | 600 |
| Green Drake | 2 | 730 | / | 160 |
| total: | 37 | 6840g | / | 1090w |
| Watch Tower | 43 | 4730 | / | 3440 |
| Altar of Storms | 2 | 360 | / | 100 |
| Orc Burrow | 7 | 1120 | / | 280 |
| War Mill | 1 | 205 | / | 0 |
| Voodoo Lounge | 1 | 130 | / | 30 |
| Barracks | 1 | 180 | / | 50 |
| Great Hall | 1 | 385 | / | 185 |
| Beastiary | 1 | 145 | / | 140 |
| Stronghold | 1 | 315 | / | 190 |
| Fortress | 1 | 325 | / | 190 |
| total: | 57 | 7255g | / | 4225w |
| 0:25 | Peon |
| 0:25 | Peon |
| 0:29 | Altar of Storms |
| 0:30 | Orc Burrow |
| 1:15 | Peon |
| 1:18 | War Mill |
| 1:20 | Peon |
| 1:49 | Peon |
| 1:50 | Peon |
| 1:55 | Voodoo Lounge |
| 2:24 | Peon |
| 2:30 | Watch Tower |
| 2:33 | Serpent Ward |
| 2:46 | Peon |
| 2:46 | Peon |
| 2:47 | Peon |
| 2:51 | Orc Burrow |
| 3:34 | Stronghold |
| 3:51 | Hex |
| 4:57 | Orc Burrow |
| 6:02 | Watch Tower |
| 6:02 | Watch Tower |
| 6:03 | Watch Tower |
| 6:03 | Watch Tower |
| 6:03 | Watch Tower |
| 6:05 | Watch Tower |
| 7:14 | Beastiary |
| 7:17 | Watch Tower |
| 7:18 | Reinforced Defenses |
| 7:28 | Potion of Mana |
| 7:39 | Potion of Healing |
| 7:40 | Potion of Mana |
| 8:15 | Watch Tower |
| 8:17 | Potion of Healing |
| 8:20 | Lesser Clarity Potion |
| 8:36 | Potion of Healing |
| 8:36 | Potion of Mana |
| 8:46 | Watch Tower |
| 8:47 | Watch Tower |
| 9:03 | Watch Tower |
| 9:04 | Watch Tower |
| 9:04 | Watch Tower |
| 9:05 | Watch Tower |
| 9:28 | Wind Rider |
| 9:46 | Wind Rider |
| 10:07 | Peon |
| 10:07 | Peon |
| 10:16 | Watch Tower |
| 10:44 | Wind Rider |
| 10:49 | Healing Salve |
| 10:49 | Lesser Clarity Potion |
| 10:52 | Scroll of Speed |
| 10:54 | Lesser Clarity Potion |
| 11:09 | Watch Tower |
| 11:36 | Orc Burrow |
| 11:38 | Spiked Barricades |
| 11:55 | Watch Tower |
| 11:58 | Peon |
| 11:58 | Peon |
| 12:23 | Barracks |
| 12:40 | Peon |
| 12:44 | Wind Rider |
| 12:56 | Scroll of Town Portal |
| 13:16 | Healing Wave |
| 13:49 | Potion of Mana |
| 13:50 | Potion of Healing |
| 13:50 | Orb of Fire |
| 14:07 | Potion of Mana |
| 14:09 | Serpent Ward |
| 14:31 | Wind Rider |
| 14:59 | Watch Tower |
| 15:00 | Watch Tower |
| 15:01 | Watch Tower |
| 15:01 | Watch Tower |
| 15:02 | Watch Tower |
| 15:03 | Watch Tower |
| 15:04 | Watch Tower |
| 15:05 | Watch Tower |
| 16:00 | Wind Rider |
| 17:05 | Wind Rider |
| 17:43 | Serpent Ward |
| 17:59 | Great Hall |
| 18:08 | Peon |
| 18:08 | Peon |
| 18:09 | Peon |
| 18:13 | Orc Burrow |
| 19:27 | Demolisher |
| 19:32 | Altar of Storms |
| 19:38 | Watch Tower |
| 19:39 | Watch Tower |
| 19:41 | Watch Tower |
| 19:47 | Peon |
| 19:47 | Peon |
| 19:47 | Peon |
| 19:56 | Peon |
| 20:38 | Watch Tower |
| 20:40 | Watch Tower |
| 21:02 | Peon |
| 21:02 | Peon |
| 21:49 | Fortress |
| 23:49 | Big Bad Voodoo |
| 23:58 | Orc Burrow |
| 24:02 | Watch Tower |
| 24:07 | Watch Tower |
| 24:12 | Watch Tower |
| 24:19 | Watch Tower |
| 24:31 | Orc Burrow |
| 24:47 | Green Dragon |
| 25:26 | Improved Spiked Barricades |
| 25:28 | Envenomed Spears |
| 25:32 | Lesser Clarity Potion |
| 25:45 | Potion of Healing |
| 25:45 | Potion of Mana |
| 25:47 | Healing Salve |
| 25:50 | Scroll of Town Portal |
| 25:51 | Scroll of Speed |
| 26:05 | Steel Ranged Weapons |
| 26:06 | Steel Armor |
| 26:29 | Lesser Clarity Potion |
| 26:50 | Watch Tower |
| 26:51 | Watch Tower |
| 26:52 | Watch Tower |
| 27:07 | Green Drake |
| 27:24 | Liquid Fire |
| 30:30 | Green Dragon |
| 30:31 | Green Drake |
| 30:45 | Watch Tower |
| 30:46 | Watch Tower |
| 30:49 | Watch Tower |
| 31:14 | Thorium Ranged Weapons |
| 31:14 | Thorium Armor |
| 31:17 | Burning Oil |
| 32:17 | Watch Tower |
| 32:17 | Watch Tower |
| 32:54 | Healing Salve |
| 33:26 | Green Dragon |
| 34:18 | Arcanite Ranged Weapons |
| 34:18 | Arcanite Armor |
| Right click | 1109 |
| Select | 375 |
| Select group | 181 |
| Build/train/purchase | 106 |
| Use ability | 93 |
| Misc. action | 27 |
| Assign group | 18 |
| Esc | 8 |
| Minimap ping | 5 |
| Item give/drop | 4 |
| Chat | 4 |
PlayDhhhh
(2)
(17:26) : 


| Potion of Healing | 1 | 150 |
| Scroll of Town Portal | 1 | 350 |
| Scroll of Healing | 1 | 250 |
| Potion of Lesser Invulnerability | 1 | 150 |
| total: | 4 | 900g |
| Peasant | 15 | 1125 | / | 0 |
| Footman | 5 | 675 | / | 0 |
| Spell Breaker | 3 | 645 | / | 90 |
| Sorceress | 2 | 310 | / | 40 |
| Priest | 1 | 135 | / | 10 |
| Knight | 1 | 245 | / | 60 |
| total: | 27 | 3135g | / | 200w |
| Scout Tower | 1 | 30 | / | 20 |
| Arcane Tower | 1 | 70 | / | 50 |
| Altar of Kings | 1 | 180 | / | 50 |
| Farm | 8 | 640 | / | 160 |
| Barracks | 1 | 160 | / | 60 |
| Town Hall | 3 | 1155 | / | 615 |
| Lumber Mill | 1 | 120 | / | 0 |
| Arcane Vault | 1 | 130 | / | 30 |
| Blacksmith | 1 | 140 | / | 60 |
| Arcane Sanctum | 2 | 300 | / | 280 |
| Keep | 1 | 320 | / | 210 |
| Castle | 1 | 360 | / | 210 |
| total: | 19 | 2855g | / | 1275w |
| 0:02 | Peasant |
| 0:02 | Peasant |
| 0:02 | Peasant |
| 0:07 | Altar of Kings |
| 0:19 | Farm |
| 0:23 | Barracks |
| 0:30 | Peasant |
| 0:45 | Peasant |
| 0:50 | Farm |
| 0:54 | Peasant |
| 1:09 | Peasant |
| 1:24 | Footman |
| 1:28 | Farm |
| 1:34 | Peasant |
| 1:45 | Footman |
| 1:52 | Peasant |
| 2:07 | Footman |
| 2:11 | Summon Water Elemental |
| 2:22 | Farm |
| 2:24 | Peasant |
| 2:37 | Footman |
| 2:53 | Peasant |
| 3:22 | Town Hall |
| 3:25 | Scout Tower |
| 3:30 | Peasant |
| 3:43 | Brilliance Aura |
| 4:03 | Arcane Tower |
| 4:03 | Peasant |
| 4:20 | Footman |
| 4:29 | Peasant |
| 4:47 | Peasant |
| 4:49 | Lumber Mill |
| 5:04 | Keep |
| 5:32 | Defend |
| 5:35 | Arcane Vault |
| 5:46 | Farm |
| 5:51 | Improved Lumber Harvesting |
| 7:33 | Arcane Sanctum |
| 7:35 | Arcane Sanctum |
| 7:38 | Farm |
| 8:27 | Storm Bolt |
| 8:58 | Spell Breaker |
| 9:07 | Potion of Healing |
| 9:20 | Spell Breaker |
| 9:42 | Farm |
| 9:52 | Sorceress |
| 10:11 | Castle |
| 10:19 | Sorceress Adept Training |
| 10:45 | Priest |
| 11:04 | Summon Water Elemental |
| 11:27 | Priest Adept Training |
| 11:36 | Thunder Clap |
| 11:47 | Town Hall |
| 11:52 | Town Hall |
| 12:12 | Blacksmith |
| 12:16 | Sorceress |
| 12:18 | Spell Breaker |
| 12:24 | Scroll of Town Portal |
| 12:30 | Potion of Lesser Invulnerability |
| 12:30 | Scroll of Healing |
| 14:20 | Knight |
| 14:21 | Animal War Training |
| 14:24 | Brilliance Aura |
| 14:48 | Iron Plating |
| 14:48 | Iron Forged Swords |
| 14:51 | Priest Master Training |
| 14:53 | Sorceress Master Training |
| 15:12 | Farm |
| 15:57 | Storm Bolt |
| 16:24 | Holy Light |
| Select group | 937 |
| Right click | 851 |
| Select | 352 |
| Misc. action | 148 |
| Assign group | 116 |
| Build/train/purchase | 92 |
| Chat | 31 |
| Use ability | 30 |
| Resource trade | 10 |
| Esc | 4 |
| Minimap ping | 4 |
96 units @ 12.9k
/ 1.1k
35 buildings @ 5.7k
/ 2.2k


| Healing Salve | 1 | 100 |
| Lesser Clarity Potion | 1 | 70 |
| Scroll of Speed | 2 | 100 |
| Potion of Healing | 1 | 150 |
| Potion of Mana | 2 | 400 |
| Scroll of Town Portal | 1 | 350 |
| total: | 8 | 1170g |
| Peon | 9 | 675 | / | 0 |
| Grunt | 12 | 2400 | / | 0 |
| Shaman | 5 | 650 | / | 100 |
| Troll Witch Doctor | 3 | 435 | / | 75 |
| Troll Headhunter | 1 | 140 | / | 20 |
| total: | 30 | 4300g | / | 195w |
| Altar of Storms | 1 | 180 | / | 50 |
| Orc Burrow | 5 | 800 | / | 200 |
| Barracks | 1 | 180 | / | 50 |
| Voodoo Lounge | 1 | 130 | / | 30 |
| War Mill | 1 | 205 | / | 0 |
| Spirit Lodge | 2 | 300 | / | 300 |
| Stronghold | 1 | 315 | / | 190 |
| Fortress | 1 | 325 | / | 190 |
| total: | 11 | 1795g | / | 630w |
| 0:05 | Peon |
| 0:05 | Peon |
| 0:10 | Altar of Storms |
| 0:15 | Orc Burrow |
| 0:29 | Peon |
| 0:38 | Barracks |
| 0:46 | Peon |
| 0:57 | Peon |
| 1:06 | Peon |
| 1:20 | Peon |
| 1:30 | Orc Burrow |
| 1:45 | Grunt |
| 1:53 | Peon |
| 2:11 | Feral Spirit |
| 2:21 | Grunt |
| 2:36 | Orc Burrow |
| 2:36 | Peon |
| 2:56 | Grunt |
| 3:13 | Voodoo Lounge |
| 3:30 | Grunt |
| 4:04 | Stronghold |
| 4:12 | Chain Lighting |
| 4:17 | Grunt |
| 4:33 | War Mill |
| 5:23 | Grunt |
| 5:26 | Orc Burrow |
| 5:43 | Healing Salve |
| 5:45 | Lesser Clarity Potion |
| 5:47 | Scroll of Speed |
| 5:56 | Grunt |
| 6:33 | Scroll of Town Portal |
| 6:54 | Spirit Lodge |
| 7:58 | Spirit Lodge |
| 8:43 | Shaman Adept Training |
| 8:43 | Shaman |
| 8:44 | Fortress |
| 9:05 | Healing Wave |
| 9:25 | Grunt |
| 9:42 | Witch Doctor Adept Training |
| 9:43 | Grunt |
| 10:06 | Shaman |
| 10:46 | Grunt |
| 10:47 | Steel Armor |
| 10:51 | Orc Burrow |
| 11:17 | Potion of Healing |
| 11:18 | Potion of Mana |
| 11:21 | Scroll of Speed |
| 11:31 | Shaman Master Training |
| 11:53 | Witch Doctor Master Training |
| 12:02 | Grunt |
| 12:25 | Shaman |
| 12:55 | Troll Witch Doctor |
| 14:26 | Shaman |
| 14:26 | Troll Witch Doctor |
| 14:27 | Grunt |
| 14:35 | Steel Melee Weapons |
| 14:38 | Feral Spirit |
| 15:13 | Shaman |
| 15:14 | Troll Witch Doctor |
| 15:27 | Potion of Mana |
| 15:35 | Troll Headhunter |
| Right click | 673 |
| Select group | 365 |
| Select | 245 |
| Build/train/purchase | 91 |
| Assign group | 53 |
| Use ability | 22 |
| Minimap ping | 11 |
| Chat | 4 |
| Item give/drop | 1 |

| Healing Salve | 2 | 200 |
| Potion of Healing | 1 | 150 |
| Scroll of Town Portal | 2 | 700 |
| total: | 5 | 1050g |
| Peon | 11 | 825 | / | 0 |
| Grunt | 8 | 1600 | / | 0 |
| Raider | 3 | 540 | / | 120 |
| Troll Headhunter | 1 | 140 | / | 20 |
| Troll Berserker | 7 | 980 | / | 140 |
| total: | 30 | 4085g | / | 280w |
| Altar of Storms | 1 | 180 | / | 50 |
| Orc Burrow | 5 | 800 | / | 200 |
| Barracks | 2 | 360 | / | 100 |
| War Mill | 1 | 205 | / | 0 |
| Voodoo Lounge | 1 | 130 | / | 30 |
| Beastiary | 1 | 145 | / | 140 |
| Spirit Lodge | 1 | 150 | / | 150 |
| Tauren Totem | 1 | 135 | / | 155 |
| Stronghold | 1 | 315 | / | 190 |
| Fortress | 1 | 325 | / | 190 |
| total: | 13 | 2105g | / | 825w |
| 0:02 | Peon |
| 0:03 | Peon |
| 0:08 | Altar of Storms |
| 0:13 | Orc Burrow |
| 0:39 | Peon |
| 0:40 | Peon |
| 0:48 | Barracks |
| 1:03 | Peon |
| 1:30 | Peon |
| 1:31 | Peon |
| 1:37 | War Mill |
| 1:50 | Barracks |
| 2:05 | Peon |
| 2:05 | Peon |
| 2:17 | Wind Walk |
| 2:23 | Voodoo Lounge |
| 2:57 | Peon |
| 2:57 | Peon |
| 3:25 | Orc Burrow |
| 3:30 | Stronghold |
| 3:31 | Healing Salve |
| 4:09 | Orc Burrow |
| 4:13 | Orc Burrow |
| 4:38 | Grunt |
| 5:00 | Critical Strike |
| 5:19 | Grunt |
| 5:54 | Grunt |
| 6:07 | Beastiary |
| 6:24 | Critical Strike |
| 6:33 | Grunt |
| 7:11 | Grunt |
| 7:14 | Ensnare |
| 7:28 | Spirit Lodge |
| 8:12 | Grunt |
| 8:15 | Berserker Strength |
| 8:44 | Fortress |
| 9:47 | Grunt |
| 9:49 | Raider |
| 10:10 | Wind Walk |
| 10:13 | Healing Salve |
| 10:37 | Troll Headhunter |
| 10:43 | Orc Burrow |
| 10:48 | Tauren Totem |
| 10:56 | Shaman Adept Training |
| 11:20 | Berserker Upgrade |
| 11:22 | Grunt |
| 11:44 | Reinforced Defenses |
| 12:22 | Troll Berserker |
| 12:24 | Raider |
| 12:27 | Steel Melee Weapons |
| 13:11 | Scroll of Town Portal |
| 13:52 | Troll Berserker |
| 14:06 | Troll Berserker |
| 14:27 | Troll Berserker |
| 14:36 | Raider |
| 15:09 | Scroll of Town Portal |
| 15:46 | Potion of Healing |
| 15:53 | Troll Berserker |
| 16:13 | Troll Berserker |
| 16:29 | Troll Berserker |
| Select group | 273 |
| Right click | 258 |
| Select | 140 |
| Build/train/purchase | 57 |
| Assign group | 47 |
| Use ability | 9 |
| Chat | 4 |
| Item give/drop | 1 |
| Remove unit | 1 |


| Scroll of Speed | 2 | 100 |
| Healing Salve | 2 | 200 |
| Lesser Clarity Potion | 2 | 140 |
| Potion of Mana | 1 | 200 |
| Scroll of Healing | 1 | 250 |
| Scroll of Town Portal | 1 | 350 |
| Potion of Lesser Invulnerability | 1 | 150 |
| total: | 10 | 1390g |
| Peon | 7 | 525 | / | 0 |
| Troll Headhunter | 15 | 2100 | / | 300 |
| Shaman | 9 | 1170 | / | 180 |
| Troll Berserker | 4 | 560 | / | 80 |
| Troll Batrider | 1 | 160 | / | 40 |
| total: | 36 | 4515g | / | 600w |
| Orc Burrow | 4 | 640 | / | 160 |
| War Mill | 1 | 205 | / | 0 |
| Altar of Storms | 1 | 180 | / | 50 |
| Barracks | 1 | 180 | / | 50 |
| Voodoo Lounge | 1 | 130 | / | 30 |
| Spirit Lodge | 2 | 300 | / | 300 |
| Beastiary | 1 | 145 | / | 140 |
| Stronghold | 2 | 630 | / | 380 |
| Fortress | 1 | 325 | / | 190 |
| total: | 11 | 1780g | / | 730w |
| 0:04 | Peon |
| 0:04 | Peon |
| 0:05 | Peon |
| 0:23 | Orc Burrow |
| 0:34 | Peon |
| 0:37 | War Mill |
| 0:52 | Altar of Storms |
| 1:00 | Peon |
| 1:09 | Barracks |
| 1:19 | Peon |
| 1:22 | Peon |
| 1:44 | Voodoo Lounge |
| 2:11 | Orc Burrow |
| 2:13 | Troll Headhunter |
| 2:40 | Troll Headhunter |
| 2:47 | Troll Headhunter |
| 2:54 | Scroll of Speed |
| 2:54 | Healing Salve |
| 2:59 | Endurance Aura |
| 3:06 | Troll Headhunter |
| 3:23 | Troll Headhunter |
| 3:36 | Troll Headhunter |
| 4:01 | Troll Headhunter |
| 4:03 | Stronghold |
| 4:27 | War Stomp |
| 4:33 | Troll Headhunter |
| 4:36 | Orc Burrow |
| 5:11 | Steel Ranged Weapons |
| 5:37 | Troll Headhunter |
| 6:06 | Troll Headhunter |
| 6:22 | War Stomp |
| 6:26 | Troll Regeneration |
| 6:30 | Spirit Lodge |
| 6:32 | Orc Burrow |
| 7:09 | Troll Headhunter |
| 7:22 | Hex |
| 7:24 | Healing Salve |
| 7:25 | Lesser Clarity Potion |
| 7:25 | Scroll of Speed |
| 7:26 | Potion of Mana |
| 7:42 | Thorium Ranged Weapons |
| 8:19 | Troll Headhunter |
| 8:19 | Shaman |
| 8:45 | Troll Headhunter |
| 8:46 | Shaman |
| 9:49 | Shaman Adept Training |
| 9:52 | Fortress |
| 9:53 | Spirit Lodge |
| 10:19 | Potion of Lesser Invulnerability |
| 10:29 | Scroll of Healing |
| 10:39 | Healing Wave |
| 11:01 | Troll Headhunter |
| 11:02 | Shaman |
| 11:14 | Shaman |
| 11:20 | Lesser Clarity Potion |
| 11:33 | Scroll of Town Portal |
| 12:02 | Steel Armor |
| 12:03 | Troll Headhunter |
| 12:46 | Endurance Aura |
| 12:50 | Shaman Master Training |
| 12:50 | Shaman |
| 12:54 | Shaman |
| 12:57 | Beastiary |
| 13:03 | Berserker Upgrade |
| 13:49 | Troll Berserker |
| 13:49 | Shaman |
| 14:20 | Troll Berserker |
| 14:21 | Shaman |
| 15:18 | Troll Berserker |
| 15:21 | Troll Batrider |
| 16:01 | Troll Berserker |
| 16:02 | Shaman |
| Select group | 866 |
| Right click | 819 |
| Select | 410 |
| Misc. action | 159 |
| Build/train/purchase | 97 |
| Assign group | 45 |
| Use ability | 32 |
| Item give/drop | 4 |
| Esc | 3 |
| Minimap ping | 1 |
⇛